 Dungeon Crawl Stone Soup version 0.01-2199-g510b736d67 (webtiles) character file.

Game seed: 17714853415779813779, levelgen mode: deterministic

28 funkygono the Jelly (level 3, -1/24 HPs) Formicid Priest. Began on July 20, 2020. Was a Believer of Jiyva. Slain by a cinder newt (3 damage) ... on level 1 of the Dungeon. The game lasted 00:01:23 (242 turns).

funkygono the Jelly (Formicid Priest)                Turns: 242, Time: 00:01:24

Health: -1/24      AC:  2    Str: 17    XL:     3 ^: 29
Magic:  6/6        EV: 12    Int: 11    God:    Jiyva [2* [69]]
Gold:   23         SH:  0    Dex: 10    Spells: 2/2 levels left

rFire    . . .     Vision   +   d - +0 club
rCold    . . .     Gourm    .     - Unarmed
rNeg     . . .     Faith    .   a - +0 robe
rPois    .         Spirit   .   (helmet unavailable)
rElec    .         Reflect  .   (no cloak)
rCorr    .         Harm     .   (no gloves)
MR       .....                  (no boots)
Stlth    ++........             (no amulet)
HPRegen  0.18/turn              (no ring)
MPRegen  0.16/turn              (no ring)

@: no status effects
A: permanent stasis, dig shafts and tunnels, four strong arms, antennae 3
a: Dig, Shaft Self, Request Jelly, Renounce Religion


You were on level 1 of the Dungeon.
You worshipped Jiyva.
Jiyva was pleased with you.
You were not hungry.

You visited 1 branch of the dungeon, and saw 1 of its levels.
You also visited: Temple.

You collected 23 gold pieces.

Inventory:

Weapons
 d - a +0 club (weapon)
Armour
 a - a +0 robe (worn)
Comestibles
 b - a ration
 c - 13 chunks of flesh


   Skills:
 + Level 0.1 Fighting
 + Level 2.1 Dodging
 + Level 2.6 Stealth
 - Level 3.8 Unarmed Combat
   Level 4.3 Invocations


You had 2 spell levels left.
You didn't know any spells.
Your spell library was empty.

Dungeon Overview and Level Annotations

Branches:
Dungeon (1/8)

Altars:


Innate Abilities, Weirdness & Mutations

You cannot be hasted, slowed, berserked, paralysed or teleported.
You can dig through walls and to a lower floor.
Your four strong arms can wield two-handed weapons with a shield.
You have a pair of large antennae on your head. (+Vis)


Message History

The cinder newt barely misses you (0).
The leopard gecko bites you but does no damage.
The cinder newt closely misses you (0).
You closely miss the leopard gecko. You hit the leopard gecko (3).
You kill the leopard gecko!
The cinder newt bites you (0). The cinder newt burns you!
* * * LOW HITPOINT WARNING * * *
The cinder newt bites you (0). The cinder newt burns you!
* * * LOW HITPOINT WARNING * * *
You see here a leopard gecko corpse.
The cinder newt barely misses you (0). The cinder newt closely misses you (0).
You hit the cinder newt (3).
The cinder newt is moderately wounded. (9/12) HP You closely miss the cinder newt.
The cinder newt is moderately wounded. (9/12) HP The cinder newt bites you (1).
* * * LOW HITPOINT WARNING * * *
The cinder newt burns you!
You die...

##################
#.............÷...
#.################
#.# ...# #
#@###...#### #
##l##......!. #
#......?..... ####
#............ ....
#.##......... ###.
#..††.#..#.#. ##.
#.....#..# # #.#..
#>...........
.....
#.#.....#..#.#
#.#..


You could see a cinder newt.

Vanquished Creatures
  A cinder newt (D:1)
  A leopard gecko (D:1)
  A ball python (D:1)
  2 bats (D:1)
  A giant cockroach (D:1)
  4 goblins (D:1)
  3 hobgoblins (D:1)
  3 kobolds (D:1)
  A rat (D:1)
17 creatures vanquished.

Vanquished Creatures (others)
  2 hobgoblins (D:1)
  A rat (D:1)
3 creatures vanquished.

Grand Total: 20 creatures vanquished

Notes
Turn   | Place    | Note
-------+----------+-------------------------------------------
     0 | Start Te | funkygono the Formicid Priest began the quest for the Orb.
     0 | Start Te | Reached XP level 1. HP: 13/13 MP: 3/3
     0 | Start Te | Found a sparkling altar of Nemelex Xobeh.
     1 | Start Te | Found a basalt altar of Yredelemnul.
     1 | Start Te | Found a white marble altar of Elyvilon.
     2 | Start Te | Found an iron altar of Okawaru.
     3 | Start Te | Found a glowing silver altar of Zin.
     3 | Start Te | Found a blossoming altar of Fedhas.
     4 | Start Te | Found a stormy altar of Qazlal.
     5 | Start Te | Found a glowing golden altar of the Shining One.
     5 | Start Te | Found an opulent altar of Gozag.
     6 | Start Te | Found a sacrificial altar of Ru.
     7 | Start Te | Found a faded altar of an unknown god.
     7 | Start Te | Found a hazy altar of Hepliaklqana.
    26 | Start Te | Became a worshipper of Jiyva Jetimeor the Shapeless
    26 | Start Te | Reached * piety under Jiyva
    26 | Start Te | Reached ** piety under Jiyva
   108 | D:1      | Reached XP level 2. HP: 19/19 MP: 5/5
   199 | D:1      | Reached XP level 3. HP: 24/24 MP: 6/6
   242 | D:1      | Slain by a cinder newt

Levels and vault maps discovered:
D:1:      dpeg_arrival_another_circle, layout_basic

Skill      XL: |  1  2 |
---------------+-------+-----
Dodging        | 2 |  2.1
Fighting       | |  0.1
Stealth        | |  2.6
Unarmed Combat | |  3.8
Invocations    | |  4.3

Action                   || total
-------------------------++-------
Melee: Unarmed           ||    78
       Club              ||     3
 Stab: Sleeping          ||     1
Armor: Robe              ||     9
Dodge: Dodged            ||    37
